 Dungeon Sprint DCSS version 0.27-a0-78-g75406f0b48 (webtiles) character file.

Game seed: 15187234717533569490

15601 mhtbhm the Sorcerer (level 12, -24/60 HPs)
             Began as a Deep Elf Earth Elementalist on Jan 14, 2021.
             Was the Champion of Vehumet.
             Shot with an arrow by a deep elf master archer (45 damage)
             ... in the Dungeon (Sprint III: "The Ten Rune Challenge").
             The game lasted 00:09:22 (2903 turns).

mhtbhm the Sorcerer (Deep Elf Earth Elementalist)   Turns: 2903, Time: 00:09:23

Health: -24/60     AC:  6    Str:  7    XL:     12   Next: 2%
Magic:  37/42      EV: 15    Int: 26    God:    Vehumet [******]
Gold:   3303       SH:  4    Dex: 15    Spells: 33/59 levels left

rFire    . . .     SeeInvis .   (no weapon)
rCold    . . .     Faith    .   (no shield)
rNeg     . . .     Spirit   .   c - +1 robe {Will+}
rPois    .         Reflect  .   n - +0 helmet
rElec    .         Harm     .   (no cloak)
rCorr    .         Rampage  .   (no gloves)
Will     +++..     NoTele   +   (no boots)
Stlth    +++.......             (no amulet)
HPRegen  0.20/turn              (no ring)
MPRegen  0.28/turn              (no ring)

@: no status effects
A: large bone plates 1, slimy green scales 1, strong-willed 1, strong 1
a: Renounce Religion


You were in the Dungeon.
You worshipped Vehumet.
Vehumet was exalted by your worship.
You visited 1 branch You collected 4122 gold pieces.
You spent 819 gold pieces at shops.

Inventory:

Missiles
 b - 29 stones
Armour
 c - a +1 robe of willpower (worn)
 n - a +0 helmet (worn)
Scrolls
 a - 3 scrolls of identify
 i - a scroll of blinking
 j - 2 scrolls of torment
 k - a scroll of remove curse
Potions
 d - 2 potions of heal wounds
 e - a potion of curing
 g - 2 potions of magic
 h - 2 potions of berserk rage
 l - 2 potions of flight
 m - 2 potions of mutation
Miscellaneous
 o - a lightning rod (4/4)


   Skills:
 + Level 0.5 Fighting
 + Level 5.5 Dodging
 - Level 3.8 Stealth
 + Level 2.5 Shields
 + Level 24.3 Spellcasting
 + Level 4.2 Conjurations
 + Level 3.5 Transmutations
 + Level 2.4 Air Magic
 + Level 20.7 Earth Magic
 + Level 2.5 Poison Magic
 + Level 2.4 Evocations


You had 33 spell levels left.
You knew the following spells:

 Your Spells              Type           Power        Failure   Level
a - Sandblast             Erth           100%         0%          1
b - Passwall              Tmut/Erth      63%          0%          2
c - Stone Arrow           Conj/Erth      100%         0%          3
d - Lee's Rapid Deconstr  Erth           48%          0%          5
e - Petrify               Tmut/Erth      76%          1%          4
f - Mephitic Cloud        Conj/Pois/Air  47%          1%          3
g - Ignite Poison         Fire/Tmut/Pois 42%          1%          3
h - Fireball              Conj/Fire      21%          3%          5

Your spell library contained the following spells:

 Spells                   Type           Power        Failure   Level
 Eringya's Noxious Bog    Tmut/Pois      23%          13%         6
 Magic Dart               Conj           100%         1%          1
 Blink                    Tloc           N/A          1%          2
 Call Imp                 Summ           31%          1%          2
 Slow                     Hex            31%          1%          2
 Conjure Flame            Conj/Fire      42%          1%          3
 Confusing Touch          Hex            31%          3%          3
 Gell's Gravitas          Tloc           15%          3%          3
 Yara's Violent Unravell  Hex/Tmut       20%          4%          5
 Starburst                Conj/Fire      21%          17%         6
 Metabolic Englaciation   Hex/Ice        15%          28%         5
 Ignition                 Fire           15%          100%        8


Dungeon Overview and Level Annotations

Branches:
Dungeon (1/1)

Altars:
Cheibriados
Dithmenos
Elyvilon
Fedhas
Gozag
Hepliaklqana
Kikubaaqudgha
Makhleb
Nemelex Xobeh
Okawaru
Qazlal
Ru
Sif Muna
Trog
Uskayaw
Vehumet
Wu Jian
Xom
Yredelemnul
Zin
The Shining One
Beogh
Jiyva
Lugonu

Shops:
D *


Innate Abilities, Weirdness & Mutations

You are partially covered in large bone plates. (SH +4)
You are partially covered in slimy green scales. (AC +2)
You are strong-willed. (Will+)
Your muscles are strong. (Str +2)


Message History

Casting: Lee's Rapid Deconstruction (safe; 0% risk of failure)
Confirm with . or Enter, or press ? or * to list all spells.
Aiming: Lee's Rapid Deconstruction (safe; 0% risk of failure)
Press: ? - help, Dir - move target A stone wall.
The wall shatters!
The blast of rock fragments hits the deep elf master archer!!
The deep elf master archer is moderately wounded.
The deep elf master archer shouts!
The deep elf master archer shoots an arrow.
The arrow hits you!!
Ouch! That really hurt!
Unknown command.
Casting: Lee's Rapid Deconstruction (safe; 0% risk of failure)
Confirm with . or Enter, or press ? or * to list all spells.
Okay, then.
The deep elf master archer shoots an arrow.
The arrow hits you!!!
Ouch! That really hurt!
You die...

▓▓▓▓▓▓ ### ##.#..########## ###
__###..##.#..'.#...# [e.'
._#..........#.#(.(##≈≈≈≈#
'##).......∩.#.#|.(≈≈≈...[
..#†........##.#@.(##≈≈≈≈#
..#)[)#.######.)(..# ).e)
#'#[###.##.# ####### ###
..#)###########################
..#.§≈≈§§§#(')).'.#.#.#.†††.≈≈#
..#.#§§§#§#(#...##.#.#.##†..≈≈#
..'.#§§§#.#.#...#.#.#.#.#...≈≈≈≈
..#.#...#...#...##.#.#.##...≈≈≈≈
▓▓▓▓▓▓▓▓▓▓▓▓▓▓▓▓#.#.#.#.#.......


You could see a deep elf master archer.

Vanquished Creatures
  4 deep elf annihilators (D)
  Snorg (D)
  2 deep elf high priests (D)
  A centaur warrior (D)
  3 orc high priests (D)
  A deep elf knight (D)
  An unseen horror (D)
  5 deep elf magi (D)
  2 orc sorcerers (D)
  3 wandering mushrooms (D)
  A queen bee (D)
  A shadow (D)
  A spatial vortex (D)
  An orc warrior (D)
  A necrophage (D)
  2 centaurs (D)
  An earth elemental (D)
  A water elemental (D)
  A scorpion (D)
  32 killer bees (D)
  An orc priest (D)
  A jelly (D)
  A wizard (D)
  2 orc wizards (D)
  A necromancer (D)
  3 humans (D)
  A kobold demonologist (D)
  2 oozes (D)
  9 orcs (D)
  2 rats (D)
88 creatures vanquished.

Notes
Turn   | Place    | Note
-------+----------+-------------------------------------------
     0 | D        | mhtbhm the Deep Elf Earth Elementalist began the quest for
                  | the Orb.
     0 | D        | Reached XP level 1. HP: 10/10 MP: 6/6
     8 | D        | Reached skill level 4 in Spellcasting
     8 | D        | Reached XP level 2. HP: 15/15 MP: 1/9
    86 | D        | Learned a level 2 spell: Passwall
   103 | D        | Gained mutation: Scrolls take you a little longer to read.
                  | [potion of mutation]
   103 | D        | Gained mutation: Armour fits poorly on your strangely
                  | shaped body. [potion of mutation]
   103 | D        | Gained mutation: You are partially covered in large bone
                  | plates. (SH +4) [potion of mutation]
   103 | D        | Gained mutation: Your skin changes colour to match your
                  | surroundings (Stealth+). [potion of mutation]
   104 | D        | Lost mutation: Scrolls take you a little longer to read.
                  | [potion of mutation]
   104 | D        | Lost mutation: Your skin changes colour to match your
                  | surroundings (Stealth+). [potion of mutation]
   104 | D        | Gained mutation: You have sharp toenails. [potion of
                  | mutation]
   104 | D        | Gained mutation: Your muscles are strong. (Str +2) [potion
                  | of mutation]
   104 | D        | Gained mutation: Your muscles are very strong. (Str +4)
                  | [potion of mutation]
   105 | D        | Lost mutation: Armour fits poorly on your strangely shaped
                  | body. [potion of mutation]
   105 | D        | Lost mutation: You have sharp toenails. [potion of
                  | mutation]
   105 | D        | Lost mutation: Your muscles are very strong. (Str +4)
                  | [potion of mutation]
   105 | D        | Gained mutation: You are strong-willed. (Will+) [potion of
                  | mutation]
   105 | D        | Gained mutation: You are partially covered in slimy green
                  | scales. (AC +2) [potion of mutation]
   105 | D        | Gained mutation: You evolve. [potion of mutation]
   107 | D        | Noticed a scorpion
   112 | D        | Killed a scorpion
   113 | D        | Reached skill level 6 in Spellcasting
   113 | D        | Reached XP level 3. HP: 19/19 MP: 5/12
   208 | D        | Learned a level 3 spell: Stone Arrow
   225 | D        | Reached XP level 4. HP: 24/24 MP: 5/14
   333 | D        | Noticed a water elemental
   335 | D        | Killed a water elemental
   336 | D        | Reached skill level 8 in Spellcasting
   336 | D        | Reached XP level 5. HP: 28/28 MP: 12/17
   378 | D        | Learned a level 5 spell: Lee's Rapid Deconstruction
   383 | D        | Learned a level 4 spell: Petrify
   383 | D        | Found a radiant altar of Vehumet.
   383 | D        | Found a shimmering blue altar of Sif Muna.
   383 | D        | Found an ancient bone altar of Kikubaaqudgha.
   387 | D        | Reached skill level 9 in Spellcasting
   400 | D        | Became a worshipper of Vehumet
   462 | D        | Found a glowing silver altar of Zin.
   462 | D        | Found a glowing golden altar of the Shining One.
   462 | D        | Found a white marble altar of Elyvilon.
   462 | D        | Noticed a deep elf mage
   465 | D        | Killed a deep elf mage
   466 | D        | Reached skill level 5 in Dodging
   466 | D        | Reached skill level 1 in Shields
   466 | D        | Reached skill level 12 in Spellcasting
   466 | D        | Reached XP level 6. HP: 32/32 MP: 3/23
   466 | D        | Reached XP level 7. HP: 36/36 MP: 3/25
   470 | D        | Learned a level 3 spell: Mephitic Cloud
   569 | D        | Found a hide-covered altar of Uskayaw.
   569 | D        | Found a roughly hewn altar of Beogh.
   569 | D        | Found an iron altar of Okawaru.
   569 | D        | Found a bloodstained altar of Trog.
   569 | D        | Found an ornate altar of the Wu Jian Council.
   569 | D        | Noticed a human
   569 | D        | Noticed a human
   572 | D        | Killed a human
   572 | D        | Killed a human
   572 | D        | Reached * piety under Vehumet
   572 | D        | Offered knowledge of Freeze by Vehumet.
   573 | D        | Reached skill level 13 in Spellcasting
   573 | D        | Reached skill level 1 in Conjurations
   663 | D        | Found a basalt altar of Yredelemnul.
   663 | D        | Found a shadowy altar of Dithmenos.
   663 | D        | Found a sacrificial altar of Ru.
   665 | D        | Reached skill level 14 in Spellcasting
   692 | D        | Reached ** piety under Vehumet
   692 | D        | Noticed a shadow
   694 | D        | Killed a shadow
   695 | D        | Reached XP level 8. HP: 41/41 MP: 14/28
   763 | D        | Found a blossoming altar of Fedhas.
   763 | D        | Found a stormy altar of Qazlal.
   763 | D        | Found a snail-covered altar of Cheibriados.
   763 | D        | Found a burning altar of Makhleb.
   763 | D        | Found a shimmering altar of Xom.
   764 | D        | Found a hazy altar of Hepliaklqana.
   764 | D        | Found an opulent altar of Gozag.
   764 | D        | Found a sparkling altar of Nemelex Xobeh.
   764 | D        | Found a corrupted altar of Lugonu.
   764 | D        | Found a viscous altar of Jiyva.
   766 | D        | Offered knowledge of Foxfire by Vehumet.
   767 | D        | Reached skill level 15 in Spellcasting
   829 | D        | Noticed Snorg
   871 | D        | Killed Snorg
   872 | D        | Reached skill level 17 in Spellcasting
   872 | D        | Reached XP level 9. HP: 18/45 MP: 15/32
  1120 | D        | Offered knowledge of Dazzling Flash by Vehumet.
  1120 | D        | Reached *** piety under Vehumet
  1153 | D        | Lost mutation: You evolve. [evolution]
  1192 | D        | Noticed a centaur warrior
  1198 | D        | Reached skill level 15 in Earth Magic
  1204 | D        | Killed a centaur warrior
  1205 | D        | Reached skill level 18 in Spellcasting
  1478 | D        | Killed an unseen horror
  1478 | D        | Offered knowledge of Ignite Poison by Vehumet.
  1478 | D        | Reached **** piety under Vehumet
  1493 | D        | Noticed a wandering mushroom
  1497 | D        | Noticed a wandering mushroom
  1501 | D        | Killed a wandering mushroom
  1502 | D        | Reached skill level 19 in Spellcasting
  1502 | D        | Noticed a wandering mushroom
  1508 | D        | Killed a wandering mushroom
  1509 | D        | Reached XP level 10. HP: 50/50 MP: 18/35
  1615 | D        | Learned a level 3 spell: Ignite Poison
  1633 | D        | Offered knowledge of Airstrike by Vehumet.
  1633 | D        | Reached ***** piety under Vehumet
  1635 | D        | Reached skill level 1 in Poison Magic
  1636 | D        | Reached skill level 1 in Evocations
  1638 | D        | Reached ****** piety under Vehumet
  1640 | D        | Reached skill level 20 in Spellcasting
  1844 | D        | Noticed an orc sorcerer
  1849 | D        | Offered knowledge of Starburst by Vehumet.
  1953 | D        | Noticed an orc high priest
  1955 | D        | Killed an orc sorcerer
  1956 | D        | Reached skill level 1 in Air Magic
  1960 | D        | Killed an orc high priest
  1960 | D        | Killed an orc high priest
  1960 | D        | Noticed an orc sorcerer
  1961 | D        | Reached skill level 21 in Spellcasting
  1961 | D        | Noticed an orc high priest
  1962 | D        | Killed an orc sorcerer
  1963 | D        | Reached XP level 11. HP: 45/55 MP: 7/38
  1966 | D        | Killed an orc high priest
  2021 | D        | Found Zamp's General Store.
  2118 | D        | Bought 19 stones for 19 gold pieces
  2118 | D        | Bought a potion of heal wounds for 50 gold pieces
  2118 | D        | Bought a potion of curing for 30 gold pieces
  2118 | D        | Bought a scroll of identify for 20 gold pieces
  2118 | D        | Bought a potion of heal wounds for 50 gold pieces
  2121 | D        | Bought a book of Fire for 650 gold pieces
  2124 | D        | Noticed a deep elf knight
  2124 | D        | Noticed a deep elf mage
  2124 | D        | Noticed a deep elf mage
  2124 | D        | Noticed a deep elf mage
  2124 | D        | Noticed a deep elf mage
  2131 | D        | Killed a deep elf mage
  2132 | D        | Killed a deep elf mage
  2132 | D        | Killed a deep elf mage
  2132 | D        | Offered knowledge of Lightning Bolt by Vehumet.
  2133 | D        | Reached skill level 22 in Spellcasting
  2133 | D        | Killed a deep elf mage
  2134 | D        | Killed a deep elf knight
  2213 | D        | Learned a level 5 spell: Fireball
  2214 | D        | Noticed a deep elf annihilator
  2218 | D        | Noticed a deep elf annihilator
  2221 | D        | Killed a deep elf annihilator
  2221 | D        | Noticed a deep elf master archer
  2289 | D        | Noticed a deep elf high priest
  2550 | D        | Identified the +8 halberd "Maefirydgh" {vorpal, rF- rN++
                  | Int+4}
  2550 | D        | Identified the +1 scale mail of Vadoabokhli {rF+ Str-2
                  | Dex+4}
  2550 | D        | Noticed a deep elf high priest
  2556 | D        | Killed a deep elf high priest
  2557 | D        | Reached skill level 23 in Spellcasting
  2559 | D        | Killed a deep elf high priest
  2559 | D        | Noticed a deep elf annihilator
  2562 | D        | Noticed a deep elf annihilator
  2563 | D        | Killed a deep elf annihilator
  2563 | D        | Offered knowledge of Eringya's Noxious Bog by Vehumet.
  2564 | D        | Killed a deep elf annihilator
  2565 | D        | Reached skill level 24 in Spellcasting
  2823 | D        | Killed a deep elf annihilator
  2824 | D        | Reached XP level 12. HP: 35/60 MP: 35/42
  2903 | D        | Shot with an arrow by a deep elf master archer

Illustrated notes

Levels and vault maps discovered:
D:        dungeon_sprint_mu [sprint_mu_entry_forest, sprint_mu_temple_rooms,
          sprint_mu_d1_horrors, sprint_mu_d2_genie, sprint_mu_d3_branching,
          sprint_mu_orc_legion, sprint_mu_elf_gauntlet, sprint_mu_hive_nellie,
          sprint_mu_lair_fedhas, sprint_mu_vaults_butterflies,
          sprint_mu_slime_circle, sprint_mu_swamp_cave, sprint_mu_snake_twists,
          sprint_mu_blade_basic, sprint_mu_crypt_lich, sprint_mu_tomb_spiral,
          sprint_mu_vestibule_basic, sprint_mu_gehenna_hellfire,
          sprint_mu_dis_giant, sprint_mu_tartarus_statrot,
          sprint_mu_cocytus_islands, sprint_mu_zot1]

Skill      XL: |  1  2  3  4  5  6  7  8  9 10 11 |
---------------+----------------------------------+-----
Earth Magic    | 4 6 7 8 12 13 14 16 18 20 | 20.7
Spellcasting   | 4 6 8 12 14 17 19 21 24 | 24.3
Transmutations | 2 3 |  3.5
Dodging        | 3 4 5 |  5.5
Stealth        | 3 |  3.8
Shields        | 1 2 |  2.5
Conjurations   | 1 3 4 |  4.2
Poison Magic   | 1 2 |  2.5
Evocations     | 1 2 |  2.4
Air Magic      | 1 2 |  2.4
Fighting       | |  0.5

Action                   |  1- 3 |  4- 6 |  7- 9 | 10-12 || total
-------------------------+-------+-------+-------+-------++-------
 Cast: Sandblast         |    13 |     4 |       |     3 ||    20
       Passwall          |     1 |       |       |     2 ||     3
       Stone Arrow       |     1 |       |     6 |     4 ||    11
       Lee's Rapid Decon |       |     5 |    20 |    43 ||    68
       Petrify           |       |       |     2 |       ||     2
       Mephitic Cloud    |       |       |     1 |     3 ||     4
Evoke: Lightning rod     |       |       |     1 |     5 ||     6
  Use: Potion            |     3 |       |     2 |     2 ||     7
       Scroll            |       |       |       |     3 ||     3
Armor: Robe              |       |       |     1 |       ||     1
Dodge: Dodged            |     1 |       |     5 |    14 ||    20
Block: Other             |     1 |       |     3 |     7 ||    11

Table legend: (Time is in decaauts)
 A = Elapsed time spent in this place.
 B = Non-inter-level travel time spent in this place.
 C = Inter-level travel time spent in this place.
 D = Time resting spent in this place.
 E = Time spent auto-exploring this place.
 F = Levels seen in this place.
 G = Mean time per level.
                   A        B        C        D        E       F      G
               +--------+--------+--------+--------+--------+-----+--------+
         Total |   2892 |   2892 |      0 |   2193 |      1 |   1 | 2892.0 |
       Dungeon |   2892 |   2892 |      0 |   2193 |      1 |   1 | 2892.0 |
               +--------+--------+--------+--------+--------+-----+--------+

Top non-repeatable levels by time:
       D: 2892 daAuts
